BSA
JERSEY SHORE D-BAGS @ AUSTIN RIVER SHARKS
04/25/2029
 
TOP OF THE 1ST
Jersey Shore D-Bags batting - Pitching for Austin River Sharks : RHP António Rijo
Pitching: RHP António Rijo
Batting: RHB Greg Lee 0-0: Ball
1-0: Swinging Strike
1-1: Ball
2-1: Called Strike
2-2: Ball
3-2: Strikes out looking
Batting: RHB Ricardo González 0-0: Foul Ball, location: 2F
0-1: Ball
1-1: Ground out 6-3 (Groundball, 6)
Batting: RHB Miguel Serna 0-0: Ball
1-0: Swinging Strike
1-1: Ground out 5-3 (Groundball, 56)
Top of the 1st over - 0 runs, 0 hits, 0 errors, 0 left on base; Jersey Shore 0 - Austin 0
BOTTOM OF THE 1ST
Austin River Sharks batting - Pitching for Jersey Shore D-Bags : LHP José Acevedo
Pitching: LHP José Acevedo
Batting: LHB José Liñares 0-0: Foul Ball, location: 2F
0-1: Swinging Strike
0-2: Ground out U3 (Groundball, 34)
Batting: RHB Júlio Figueroa 0-0: Ball
1-0: Fly out, F8 (Flyball, 8RD)
Batting: RHB Pedro Guzmán 0-0: Called Strike
0-1: Ball
1-1: Ball
2-1: Called Strike
2-2: Fly out, F4 (Line Drive, 4MD)
Bottom of the 1st over - 0 runs, 0 hits, 0 errors, 0 left on base; Jersey Shore 0 - Austin 0
TOP OF THE 2ND
Jersey Shore D-Bags batting - Pitching for Austin River Sharks : RHP António Rijo
Batting: LHB António Cedeño 0-0: Foul Ball, location: 2F
0-1: Ball
1-1: Ball
2-1: Ball
3-1: Fly out, F4 (Popup, 13S)
Batting: RHB Pat Fullerton 0-0: Called Strike
0-1: Ball
1-1: Called Strike
1-2: Foul Ball, location: 2F
1-2: Ball
2-2: Ground out 5-3 (Groundball, 56)
Batting: RHB Mike Ingram 0-0: Reached on error, E4 (Popup, 4)
Batting: LHB Albert Morgan 0-0: Ball
1-0: Ball
2-0: DOUBLE (Line Drive, 9LS)
Mike Ingram to third
Runner from 3rd tries for Home, SAFE, no throw
Batting: LHB Ed Murray 0-0: Called Strike
0-1: Foul Ball, location: 2F
0-2: Foul Ball, location: 2F
0-2: Ground out 3-1 (Groundball, 34)
Top of the 2nd over - 1 run, 1 hit, 1 error, 1 left on base; Jersey Shore 1 - Austin 0
BOTTOM OF THE 2ND
Austin River Sharks batting - Pitching for Jersey Shore D-Bags : LHP José Acevedo
Batting: RHB Andy Aiton 0-0: Called Strike
0-1: Fly out, F9 (Flyball, 9)
Batting: LHB Greg Nelson 0-0: Ball
1-0: Ball
2-0: Called Strike
2-1: Fly out, F8 (Flyball, 78D)
Batting: RHB Tony Cruz 0-0: Called Strike
0-1: Ball
1-1: Ground out 4-3 (Groundball, 4)
Bottom of the 2nd over - 0 runs, 0 hits, 0 errors, 0 left on base; Jersey Shore 1 - Austin 0
TOP OF THE 3RD
Jersey Shore D-Bags batting - Pitching for Austin River Sharks : RHP António Rijo
Batting: RHB Tetsunori Ito 0-0: Ball
1-0: Ball
2-0: Called Strike
2-1: Called Strike
2-2: Strikes out looking
Batting: RHB Greg Lee 0-0: Ball
1-0: Foul Ball, location: 2F
1-1: Ball
2-1: Foul Ball, location: 2F
2-2: Strikes out looking
Batting: RHB Ricardo González 0-0: Called Strike
0-1: Foul Ball, location: 2F
0-2: Ball
1-2: Ball
2-2: Foul Ball, location: 2F
2-2: DOUBLE (Flyball, 89XD)
Batting: RHB Miguel Serna 0-0: Foul Ball, location: 2F
0-1: SINGLE (Groundball, 56D)
Ricardo González to third
Runner from 3rd tries for Home, SAFE, throw made home
Batting: LHB António Cedeño 0-0: Ball
1-0: Ball
2-0: Called Strike
2-1: Ball
Wild Pitch!
Miguel Serna to second
3-1: Ground out 3-1 (Groundball, 34)
Top of the 3rd over - 1 run, 2 hits, 0 errors, 1 left on base; Jersey Shore 2 - Austin 0
BOTTOM OF THE 3RD
Austin River Sharks batting - Pitching for Jersey Shore D-Bags : LHP José Acevedo
Now at 2B: José Pinto
Batting: RHB Richard Coker 0-0: Ball
1-0: Ball
2-0: Ball
3-0: Called Strike
3-1: Base on Balls
Batting: RHB Todd Bryant 0-0: Ball
1-0: Called Strike
1-1: Fly out, F8 (Flyball, 89XD)
Batting: LHB Harry Pitts 0-0: Called Strike
0-1: Called Strike
0-2: Fly out, F8 (Flyball, 89D)
Batting: LHB José Liñares 0-0: Called Strike
0-1: Fly out, F4 (Line Drive, 4)
Bottom of the 3rd over - 0 runs, 0 hits, 0 errors, 1 left on base; Jersey Shore 2 - Austin 0
TOP OF THE 4TH
Jersey Shore D-Bags batting - Pitching for Austin River Sharks : RHP António Rijo
Batting: RHB Pat Fullerton 0-0: Called Strike
0-1: Ball
1-1: Ball
2-1: Ball
3-1: Foul Ball, location: 2F
3-2: Base on Balls
Batting: RHB Mike Ingram 0-0: Called Strike
0-1: Fly out, F3 (Popup, 34S)
Batting: LHB Albert Morgan 0-0: Ball
1-0: Ball
2-0: Called Strike
2-1: Ball
3-1: Fly out, F6 (Line Drive, 6)
Batting: LHB Ed Murray 0-0: Called Strike
Pat Fullerton is caught stealing 2nd base
Top of the 4th over - 0 runs, 0 hits, 0 errors, 0 left on base; Jersey Shore 2 - Austin 0
BOTTOM OF THE 4TH
Austin River Sharks batting - Pitching for Jersey Shore D-Bags : LHP José Acevedo
Batting: RHB Júlio Figueroa 0-0: Foul Ball, location: 2F
0-1: Ball
1-1: Swinging Strike
1-2: Foul Ball, location: 2F
1-2: Ground out 4-3 (Groundball, 4)
Batting: RHB Pedro Guzmán 0-0: DOUBLE (Line Drive, 7LS)
Batting: RHB Andy Aiton 0-0: Ball
1-0: Fly out, F3 (Popup, 3S)
Batting: LHB Greg Nelson 0-0: SINGLE (Line Drive, 78S)
Pedro Guzmán to third
Runner from 3rd tries for Home, SAFE, throw made home
Batting: RHB Tony Cruz 0-0: Called Strike
0-1: Ball
1-1: Called Strike
1-2: Fly out, F8 (Flyball, 8RXD)
Bottom of the 4th over - 1 run, 2 hits, 0 errors, 1 left on base; Jersey Shore 2 - Austin 1
TOP OF THE 5TH
Jersey Shore D-Bags batting - Pitching for Austin River Sharks : RHP António Rijo
Batting: LHB Ed Murray 0-0: Ball
1-0: Ball
2-0: Ground out 4-3 (Groundball, 4M)
Batting: RHB Tetsunori Ito 0-0: Called Strike
0-1: Called Strike
0-2: Strikes out swinging
Batting: RHB Greg Lee 0-0: Ball
1-0: Ball
2-0: Swinging Strike
2-1: Foul Ball, location: 2F
2-2: Foul Ball, location: 2F
2-2: Foul Ball, location: 2F
2-2: Fly out, F3 (Popup, 3SF)
Top of the 5th over - 0 runs, 0 hits, 0 errors, 0 left on base; Jersey Shore 2 - Austin 1
BOTTOM OF THE 5TH
Austin River Sharks batting - Pitching for Jersey Shore D-Bags : LHP José Acevedo
Batting: RHB Richard Coker 0-0: DOUBLE (Line Drive, 9LM)
Batting: RHB Todd Bryant 0-0: Ball
1-0: Swinging Strike
1-1: Called Strike
1-2: Ball
2-2: Ball
3-2: Foul Ball, location: 2F
3-2: Fly out, F8 (Flyball, 8RXD)
Runner from 2nd tags up, SAFE at 3rd, no throw
Batting: LHB Harry Pitts 0-0: Called Strike
0-1: Ball
1-1: Ball
2-1: Ground out 6-3 (Groundball, 6M)
Richard Coker scores
Batting: LHB José Liñares 0-0: Called Strike
0-1: Ball
1-1: Called Strike
1-2: Foul Ball, location: 2F
1-2: Foul Ball, location: 2F
1-2: Fly out, F8 (Flyball, 8LXD)
Bottom of the 5th over - 1 run, 1 hit, 0 errors, 0 left on base; Jersey Shore 2 - Austin 2
TOP OF THE 6TH
Jersey Shore D-Bags batting - Pitching for Austin River Sharks : RHP António Rijo
Batting: RHB José Pinto 0-0: Reached on error, E5 (Groundball, 56S)
Batting: RHB Miguel Serna 0-0: Ball
1-0: Fly out, F4 (Line Drive, 4)
Batting: LHB António Cedeño 0-0: Ball
1-0: Grounds into double play, 4-6-3 (Groundball, 4)
Top of the 6th over - 0 runs, 0 hits, 1 error, 0 left on base; Jersey Shore 2 - Austin 2
BOTTOM OF THE 6TH
Austin River Sharks batting - Pitching for Jersey Shore D-Bags : LHP José Acevedo
Batting: RHB Júlio Figueroa 0-0: Reached on error, E6 (Groundball, 56)
Batting: RHB Pedro Guzmán 0-0: Grounds into double play, 6-4-3 (Groundball, 6M)
Batting: RHB Andy Aiton 0-0: Called Strike
0-1: Foul Ball, location: 2F
0-2: Ball
1-2: Strikes out swinging
Bottom of the 6th over - 0 runs, 0 hits, 1 error, 0 left on base; Jersey Shore 2 - Austin 2
TOP OF THE 7TH
Jersey Shore D-Bags batting - Pitching for Austin River Sharks : RHP António Rijo
Pinch Hitting: LHB Juan Hernández 0-0: Called Strike
0-1: Called Strike
0-2: Foul Ball, location: 2F
0-2: Ball
1-2: Strikes out swinging
Batting: RHB Mike Ingram 0-0: Ground out 6-3 (Groundball, 6)
Batting: LHB Albert Morgan 0-0: SINGLE (Line Drive, 78S)
Batting: LHB Ed Murray 0-0: Called Strike
0-1: Called Strike
0-2: Strikes out swinging
Top of the 7th over - 0 runs, 1 hit, 0 errors, 1 left on base; Jersey Shore 2 - Austin 2
BOTTOM OF THE 7TH
Austin River Sharks batting - Pitching for Jersey Shore D-Bags : LHP José Acevedo
Now in CF: Juan Hernández
Batting: LHB Greg Nelson 0-0: Foul Ball, location: 2F
0-1: Ball
1-1: Foul Ball, location: 2F
1-2: Foul Ball, location: 2F
1-2: Ground out 6-3 (Groundball, 4M)
Batting: RHB Tony Cruz 0-0: Swinging Strike
0-1: Ball
1-1: Foul Ball, location: 2F
1-2: SOLO HOME RUN (Flyball, 9LD), Distance : 357 ft
Batting: RHB Richard Coker 0-0: Ball
1-0: Reached on error, E1 (Groundball, 13)
Batting: RHB Todd Bryant 0-0: Called Strike
0-1: Grounds into double play, 4-6-3 (Groundball, 4)
Bottom of the 7th over - 1 run, 1 hit, 1 error, 0 left on base; Jersey Shore 2 - Austin 3
TOP OF THE 8TH
Jersey Shore D-Bags batting - Pitching for Austin River Sharks : RHP António Rijo
Pitching: RHP Jorge Delgado
Now in LF: Enrico Vargas
Batting: RHB Tetsunori Ito 0-0: Ball
1-0: Ball
2-0: Ball
3-0: Base on Balls
Batting: RHB Greg Lee 0-0: Sac Bunt - play at first, batter OUT! 5-4
Tetsunori Ito to second
Batting: RHB José Pinto 0-0: Ball
1-0: Swinging Strike
1-1: Ball
2-1: Foul Ball, location: 2F
2-2: Ground out 1-3 (Groundball, 13)
Tetsunori Ito to third
Batting: RHB Miguel Serna 0-0: Ball
1-0: Called Strike
1-1: Ball
2-1: Ball
3-1: Swinging Strike
3-2: Strikes out swinging
Top of the 8th over - 0 runs, 0 hits, 0 errors, 1 left on base; Jersey Shore 2 - Austin 3
BOTTOM OF THE 8TH
Austin River Sharks batting - Pitching for Jersey Shore D-Bags : LHP José Acevedo
Batting: LHB Harry Pitts 0-0: Ball
1-0: Foul Ball, location: 2F
1-1: Ball
2-1: Fly out, F7 (Flyball, 78D)
Batting: LHB José Liñares 0-0: Ball
1-0: Ball
2-0: Ball
3-0: Called Strike
3-1: DOUBLE (Line Drive, 78M)
Batting: RHB Júlio Figueroa 0-0: Foul Ball, location: 2F
0-1: Foul Ball, location: 2F
0-2: Ball
1-2: Ground out 6-3 (Groundball, 56D)
Batting: RHB Pedro Guzmán 0-0: Foul Ball, location: 2F
0-1: Swinging Strike
0-2: Ball
1-2: Strikes out swinging
Bottom of the 8th over - 0 runs, 1 hit, 0 errors, 1 left on base; Jersey Shore 2 - Austin 3
TOP OF THE 9TH
Jersey Shore D-Bags batting - Pitching for Austin River Sharks : RHP Jorge Delgado
Pitching: RHP Paco Gutiérrez
Now at C: Jesús Hernández
Batting: LHB António Cedeño 0-0: Ball
1-0: Ground out U3 (Groundball, 3L)
Batting: LHB Juan Hernández 0-0: Called Strike
0-1: Foul Ball, location: 2F
0-2: Ball
1-2: Ball
2-2: Ball
3-2: SINGLE (Line Drive, 8LM)
Pinch Hitting: LHB Marcos Villarreal 0-0: Ball
1-0: Swinging Strike
1-1: Ball
2-1: Ball
3-1: Called Strike
3-2: DOUBLE (Groundball, 3L)
Juan Hernández to third
Runner from 3rd tries for Home, SAFE, no throw
Batting: LHB Albert Morgan 0-0: Ball
1-0: Called Strike
1-1: Foul Ball, location: 2F
1-2: Strikes out swinging
Batting: LHB Ed Murray 0-0: Ball
1-0: Ball
2-0: Foul Ball, location: 2F
2-1: Ball
3-1: Base on Balls
Batting: RHB Tetsunori Ito 0-0: Called Strike
0-1: Foul Ball, location: 2F
0-2: Ball
1-2: Foul Ball, location: 2F
1-2: Ball
2-2: Strikes out swinging
Top of the 9th over - 1 run, 2 hits, 0 errors, 2 left on base; Jersey Shore 3 - Austin 3
BOTTOM OF THE 9TH
Austin River Sharks batting - Pitching for Jersey Shore D-Bags : LHP José Acevedo
Now in RF: Lowie van den Bogaert
Batting: RHB Andy Aiton 0-0: Swinging Strike
0-1: Ball
1-1: Fly out, F8 (Flyball, 8RS)
Batting: LHB Enrico Vargas 0-0: Called Strike
0-1: Ball
1-1: Ball
2-1: Foul Ball, location: 2F
2-2: Fly out, F2 (Popup, 2LF)
Batting: RHB Tony Cruz 0-0: Ground out 4-3 (Groundball, 4)
Bottom of the 9th over - 0 runs, 0 hits, 0 errors, 0 left on base; Jersey Shore 3 - Austin 3
TOP OF THE 10TH
Jersey Shore D-Bags batting - Pitching for Austin River Sharks : RHP Paco Gutiérrez
Pitching: RHP Josh Graham
Batting: RHB Greg Lee 0-0: Fly out, F6 (Popup, 15)
Batting: RHB José Pinto 0-0: Called Strike
0-1: Ball
1-1: Swinging Strike
1-2: Ball
2-2: Strikes out swinging
Batting: RHB Miguel Serna 0-0: Ball
1-0: Ball
2-0: Called Strike
2-1: Foul Ball, location: 2F
2-2: Ball
3-2: Foul Ball, location: 2F
3-2: Strikes out looking
Top of the 10th over - 0 runs, 0 hits, 0 errors, 0 left on base; Jersey Shore 3 - Austin 3
BOTTOM OF THE 10TH
Austin River Sharks batting - Pitching for Jersey Shore D-Bags : LHP José Acevedo
Batting: RHB Richard Coker 0-0: Called Strike
0-1: Ball
1-1: Foul Ball, location: 2F
1-2: Fly out, F7 (Flyball, 7D)
Batting: RHB Todd Bryant 0-0: Called Strike
0-1: Called Strike
0-2: Ball
1-2: Ground out 5-3 (Groundball, 56S)
Batting: LHB Harry Pitts 0-0: Ball
1-0: Ground out 5-3 (Groundball, 56S)
Bottom of the 10th over - 0 runs, 0 hits, 0 errors, 0 left on base; Jersey Shore 3 - Austin 3
TOP OF THE 11TH
Jersey Shore D-Bags batting - Pitching for Austin River Sharks : RHP Josh Graham
Batting: LHB António Cedeño 0-0: Ball
1-0: Called Strike
1-1: SINGLE (Groundball, 4MD)
Batting: LHB Juan Hernández 0-0: Grounds into double play, 6-4-3 (Groundball, 6)
Batting: RHB Lowie van den Bogaert 0-0: Ball
1-0: Called Strike
1-1: Reached on error, E6 (Groundball, 6)
Batting: LHB Albert Morgan 0-0: Ball
1-0: Ball
Lowie van den Bogaert is caught stealing 2nd base
Top of the 11th over - 0 runs, 1 hit, 1 error, 0 left on base; Jersey Shore 3 - Austin 3
BOTTOM OF THE 11TH
Austin River Sharks batting - Pitching for Jersey Shore D-Bags : LHP José Acevedo
Batting: LHB José Liñares 0-0: Ground out 6-3 (Groundball, 6M)
Batting: RHB Jesús Hernández 0-0: Called Strike
0-1: Called Strike
0-2: Foul Ball, location: 2F
0-2: Ball
1-2: Ball
2-2: SINGLE (Groundball, 4D)
Pitching: RHP Cristóbal Santos
Batting: RHB Pedro Guzmán 0-0: Swinging Strike
0-1: Fly out, F7 (Flyball, 7)
Batting: RHB Andy Aiton 0-0: Foul Ball, location: 2F
0-1: Ball
1-1: Foul Ball, location: 2F
1-2: Fly out, F8 (Line Drive, 8RD)
Bottom of the 11th over - 0 runs, 1 hit, 0 errors, 1 left on base; Jersey Shore 3 - Austin 3
TOP OF THE 12TH
Jersey Shore D-Bags batting - Pitching for Austin River Sharks : RHP Josh Graham
Pitching: RHP Hiroshige Yamada
Batting: LHB Albert Morgan 0-0: Ball
1-0: Ball
2-0: Called Strike
2-1: Ground out U3 (Groundball, 34)
Batting: LHB Ed Murray 0-0: Fly out, F9 (Flyball, 9S)
Batting: RHB Tetsunori Ito 0-0: Called Strike
0-1: Foul Ball, location: 2F
0-2: Strikes out swinging
Top of the 12th over - 0 runs, 0 hits, 0 errors, 0 left on base; Jersey Shore 3 - Austin 3
BOTTOM OF THE 12TH
Austin River Sharks batting - Pitching for Jersey Shore D-Bags : RHP Cristóbal Santos
Pitching: LHP Ramón Ruíz
Batting: LHB Enrico Vargas 0-0: Ball
1-0: Ball
2-0: Ball
3-0: Called Strike
3-1: SINGLE (Groundball, 34D)
Pitching: RHP John Hall
Batting: RHB Tony Cruz Balk!
Enrico Vargas to second
0-0: Ball
1-0: SINGLE (Groundball, 56D)
Enrico Vargas to third
Runner from 3rd tries for Home, SAFE, throw made home
Saturday, December 16th, 2017 - OOTP Baseball 18.8 Build 76